cohdb
Replays
Latest Replays
All Replays
Popular Replays
Top Player Replays
Match Explorer
How It Works
Community
CoH3 Stats
Reddit
Sign in to upload your games and track your stats! →
Sign in with Steam
Match 42308490
Unlisted
Match 42308490
Overview
Messages
Build Orders
End
Construct Weapon Support Center
Selects Special Operations Battlegroup
Selects M29 Weasel Recon Vehicle
M29 Weasel Recon Vehicle
M1919 Machine Gun Team
Bazooka Squad
M29 Weasel Recon Vehicle
Mechanized Support Center
M3 Armored Personnel Carrier
Improved M9 Bazooka Rockets
Bazooka Squad
Selects Mark Vehicle
Mark Vehicle
M1919 Machine Gun Team
Mark Vehicle
Designate Forward Repair Station
Mark Vehicle
Construct Tank Depot
Selects UNKNOWN (2162291)
Selects Raiding Flares
M1919 Machine Gun Team
Raiding Flares
Mark Vehicle
Selects SSF Commando Squad
SSF Commando Squad
SSF Commando Squad
晴天小怪兽
낭만개미
COLYT
Oier
上班烦死了
千万别点链接,账号被盗了
Valdai
Sailor
0
0
Comments
sign in to comment!
No comments posted yet!